 Dungeon Crawl Stone Soup version 0.28-a0-1447-ga5a8893891 (webtiles) character file.

Game seed: 12925527395551979327

107 herbaltea the Skirmisher (level 5, -1/42 HPs)
             Began as a Formicid Abyssal Knight on Jan 11, 2022.
             Was a Believer of Lugonu.
             Slain by an iguana (6 damage)
             ... on level 3 of the Dungeon.
             The game lasted 00:06:32 (2762 turns).

herbaltea the Skirmisher (Formicid Abyssal Knight)  Turns: 2762, Time: 00:06:34

Health: -1/42      AC:  9    Str: 18    XL:     5   Next: 10%
Magic:  7/7        EV:  7    Int:  9    God:    Lugonu [**....]
Gold:   119        SH:  0    Dex: 13    Spells: 0/4 levels left

rFire   . . .      SeeInvis +   a - +1 hand axe
rCold   . . .      Faith    .   (no shield)
rNeg    . . .      Spirit   .   r - +0 chain mail
rPois   .          Reflect  .   (helmet unavailable)
rElec   .          Harm     .   (no cloak)
rCorr   .          Rampage  .   (no gloves)
Will    .....                   (no boots)
Stlth   ..........              (no amulet)
HPRegen 0.14/turn               (no ring)
MPRegen 0.10/turn               (no ring)

@: no status effects
A: permanent stasis, dig shafts and tunnels, antennae 3, four strong arms
a: Dig, Shaft Self, Renounce Religion, Depart the Abyss, Bend Space


You were on level 3 of the Dungeon.
You worshipped Lugonu.
Lugonu was pleased with you.
You visited 1 branch of the dungeon, and saw 3 of its levels.
You visited the Abyss 1 time.

You collected 119 gold pieces.

Inventory:

Hand Weapons
 a - a +1 hand axe (weapon)
 s - a +0 war axe
Missiles
 d - 174 stones
 i - 25 sling bullets
 q - 26 bolts
Armour
 b - a +0 leather armour
 h - a +0 scale mail
 j - a +0 ring mail
 r - a +0 chain mail (worn)
Scrolls
 f - 2 scrolls of identify {unknown}
 g - a scroll of amnesia {unknown}
 m - a scroll of torment {unknown}
 n - 4 scrolls of teleportation {unknown}
 o - a scroll of enchant armour {unknown}
 p - a scroll of fear {unknown}
 u - a scroll of enchant weapon {unknown}
Potions
 c - a potion of magic {unknown}
 e - 2 potions of curing {unknown}
 k - a potion of heal wounds {unknown}
 l - a potion of cancellation {unknown}
 t - a potion of invisibility {unknown}


   Skills:
 + Level 3.8 Fighting
 * Level 3.1 Axes
 + Level 2.8 Armour
 + Level 1.8 Dodging
 + Level 3.1 Invocations


You couldn't memorise any spells.
You knew the following spells:

 Your Spells              Type           Power      Damage    Failure   Level
a - Passage of Golubria   Tloc           0%         N/A       100%        4

Your spell library contained the following spells:

 Spells                   Type           Power      Damage    Failure   Level
 Silence                  Hex/Air        0%         N/A       100%        5
 Lehudib's Crystal Spear  Conj/Erth      0%         10d2      100%        8


Dungeon Overview and Level Annotations

Branches:
Dungeon (3/15)

Altars:
Xom

Shops:
D:1 :


Innate Abilities, Weirdness & Mutations

You cannot be hasted, slowed, berserked, paralysed or teleported.
You can dig through walls and to a lower floor.
You have a pair of large antennae on your head. (SInv)
Your four strong arms can wield two-handed weapons with a shield.


Message History

The orc hits you with a +0 short sword.
You barely miss the orc. The orc completely misses you.
You barely miss the orc. The orc hits you but does no damage.
You hit the orc.
The orc is severely wounded.
The orc hits you but does no damage.
You slash the orc!
You kill the orc!
Lugonu accepts your kill.
You hit the dart slug. The dart slug barely misses you.
You hit the dart slug.
The dart slug is almost dead.
You slash the dart slug!
You kill the dart slug!
Lugonu accepts your kill.
No target in view!
No target in view!
HP restored.
Found 8 gold pieces.
u - a scroll labelled PASSIA OBOESCHU
Things that are here:
a +0 short sword; a +0 leather armour; an orc corpse An iguana comes into view.
Found a stone staircase leading up.
The iguana bites you!
You hit the iguana but do no damage. Your punch misses the iguana.
The iguana bites you!
You hit the iguana.
The iguana is moderately wounded.
The iguana bites you.
You hit the iguana.
The iguana is moderately wounded.
The iguana bites you.
You hit the iguana but do no damage.
The iguana is moderately wounded.
The iguana bites you!
* * * LOW HITPOINT WARNING * * *
The iguana hisses menacingly.
The iguana bites you.
You die...

.####.. .......
..#.$### #.#.#..
#.#.#.#
.######...#.# ..
........>#..###.##.
..
...........@l....<.
.
.#......#..####.##.
.##.#####.)..## #...
###....# ##.#
###....#......
##..###...##.#......
........###..#......
..#########.##......
.## #..# .....


You could see an iguana.

Vanquished Creatures
  3 adders (D:2)
  3 dart slugs
  5 orcs
  2 endoplasms (D:1)
  2 giant cockroaches (D:2)
  6 goblins
  6 hobgoblins
  5 jackals (D:1)
  6 kobolds
  3 quokkas (D:2)
  9 ball pythons
  7 bats
  3 frilled lizards
  5 rats
65 creatures vanquished.

Notes
Turn   | Place    | Note
-------+----------+-------------------------------------------
     0 | Abyss:1  | herbaltea the Formicid Abyssal Knight began the quest for
                  | the Orb.
     0 | Abyss:1  | Reached XP level 1. HP: 18/18 MP: 2/2
    56 | Abyss:1  | Noticed a large abomination
    57 | D:1      | Escaped the Abyss
   173 | D:1      | Reached skill level 1 in Dodging
   266 | D:1      | Reached XP level 2. HP: 21/24 MP: 3/3
   277 | D:1      | Reached * piety under Lugonu
   399 | D:1      | Found a faded altar of an unknown god.
   695 | D:1      | Reached XP level 3. HP: 23/29 MP: 4/4
  1277 | D:1      | Found Ushrumnuk's Book Shop.
  1482 | D:2      | Reached XP level 4. HP: 36/36 MP: 6/6
  1662 | D:2      | Reached ** piety under Lugonu
  2417 | D:2      | Reached XP level 5. HP: 38/42 MP: 7/7
  2422 | D:2      | Learned a level 4 spell: Passage of Golubria
  2584 | D:3      | Found a shimmering altar of Xom.
  2762 | D:3      | Slain by an iguana

Illustrated notes

Levels and vault maps discovered:
D:1:      lemuel_arrival_rhombus, layout_basic,
          ebering_ecumenical_altar_petrified, serial_shops, shop,
          minmay_fountain_box, minmay_hexomino_u4
D:2:      layout_basic, guppyfry_early_orc_mine
D:3:      layout_rooms, mainiacjoe_overflow_catwalk, lemuel_crystal_altar,
          minmay_misc_feat_x

Skill      XL: |  1  2  3  4 |
---------------+-------------+-----
Dodging        | 1 |  1.8
Invocations    | 3 |  3.1
Axes           | 3 |  3.1
Fighting       | |  3.8
Armour         | |  2.8

Action                   |  1- 3 |  4- 6 || total
-------------------------+-------+-------++-------
Melee: Hand axe          |    97 |    85 ||   182
       Punch             |     2 |     1 ||     3
Invok: Depart the Abyss  |     1 |       ||     1
Armor: Leather armour    |    21 |       ||    21
       Scale mail        |    19 |    27 ||    46
       Chain mail        |       |     4 ||     4
Dodge: Dodged            |    55 |    49 ||   104

Table legend: (Time is in decaauts)
 A = Elapsed time spent in this place.
 B = Non-inter-level travel time spent in this place.
 C = Inter-level travel time spent in this place.
 D = Time resting spent in this place.
 E = Time spent auto-exploring this place.
 F = Levels seen in this place.
 G = Mean time per level.
                   A        B        C        D        E       F      G
               +--------+--------+--------+--------+--------+-----+--------+
         Total |   2793 |   2617 |    176 |    113 |   2008 |   4 |  698.2 |
       Dungeon |   2733 |   2557 |    176 |    113 |   1954 |   3 |  911.0 |
         Abyss |     59 |     59 |      0 |      0 |     54 |   1 |   59.0 |
               +--------+--------+--------+--------+--------+-----+--------+

Top non-repeatable levels by time:
     D:1: 1325 daAuts
     D:2: 1228 daAuts
     D:3: 179 daAuts
 Abyss:1: 59 daAuts
